PBL
WINDY CITY THUNDERBOLTS @ CHESTER PIRATES
05/21/2049
 
TOP OF THE 1ST
Windy City ThunderBolts batting - Pitching for Chester Pirates : RHP Tom Pinksen
Pitching: RHP Tom Pinksen
Batting: SHB Dan Strickland 0-0: Ball
1-0: Foul Ball, location: 2F
1-1: Ball
2-1: Foul Ball, location: 2F
2-2: Ball
3-2: Foul Ball, location: 2F
3-2: Ground out 3-1 (Groundball, 34, EV 105.0 MPH)
Batting: RHB Joe Thomas 0-0: Ball
1-0: Foul Ball, location: 2F
1-1: Fly out, F8 (Flyball, 8RD, EV 106.2 MPH)
Batting: RHB Eddie Dimas 0-0: Ball
1-0: Ball
2-0: Ball
3-0: Called Strike
3-1: SINGLE (Line Drive, 9S, EV 98.8 MPH)
Batting: RHB Bellchior Osuna 0-0: Called Strike
0-1: Ball
1-1: Ball
2-1: Ball
3-1: Base on Balls
Eddie Dimas to second
Batting: RHB Paul Holland 0-0: Ball
1-0: Swinging Strike
1-1: Ground out 4-3 (Groundball, 4, EV 84.4 MPH)
Top of the 1st over - 0 runs, 1 hit, 0 errors, 2 left on base; Windy City 0 - Chester 0
BOTTOM OF THE 1ST
Chester Pirates batting - Pitching for Windy City ThunderBolts : LHP Axel Lund
Pitching: LHP Axel Lund
Batting: SHB Mike Corley 0-0: Ball
1-0: Fly out, F6 (Line Drive, 6, EV 70.6 MPH)
Batting: LHB Sean Driscoll 0-0: Ball
1-0: Swinging Strike
1-1: Swinging Strike
1-2: Ball
2-2: Strikes out swinging
Batting: RHB Zach Chmieleski 0-0: Ball
1-0: Swinging Strike
1-1: Foul Ball, location: 2F
1-2: Strikes out swinging
Bottom of the 1st over - 0 runs, 0 hits, 0 errors, 0 left on base; Windy City 0 - Chester 0
TOP OF THE 2ND
Windy City ThunderBolts batting - Pitching for Chester Pirates : RHP Tom Pinksen
Batting: RHB Donovan Deason 0-0: Called Strike
0-1: Ball
1-1: Fly out, F8 (Flyball, 8LXD, EV 89.4 MPH)
Batting: RHB Camillo Bonauiti 0-0: SINGLE (Groundball, 6, EV 101.2 MPH)
Batting: RHB Nhat Phong 0-0: Fly out, F8 (Flyball, 8LM, EV 86.2 MPH)
Batting: RHB Sim Damit 0-0: Ball
1-0: Swinging Strike
1-1: Called Strike
1-2: Foul Ball, location: 2F
1-2: Ball
2-2: Strikes out swinging
Top of the 2nd over - 0 runs, 1 hit, 0 errors, 1 left on base; Windy City 0 - Chester 0
BOTTOM OF THE 2ND
Chester Pirates batting - Pitching for Windy City ThunderBolts : LHP Axel Lund
Batting: RHB Bob Buckler 0-0: Ball
1-0: Called Strike
1-1: Swinging Strike
1-2: Strikes out looking
Batting: RHB Steve Kane 0-0: Foul Ball, location: 2F
0-1: Called Strike
0-2: Strikes out swinging
Batting: RHB Matt Rangel 0-0: Called Strike
0-1: Foul Ball, location: 2F
0-2: Ground out 6-3 (Groundball, 6, EV 107.5 MPH)
Bottom of the 2nd over - 0 runs, 0 hits, 0 errors, 0 left on base; Windy City 0 - Chester 0
TOP OF THE 3RD
Windy City ThunderBolts batting - Pitching for Chester Pirates : RHP Tom Pinksen
Batting: SHB Dan Strickland 0-0: Ball
1-0: Ball
2-0: Called Strike
2-1: Foul Ball, location: 2F
2-2: Foul Ball, location: 2F
2-2: Strikes out swinging
Batting: RHB Joe Thomas 0-0: Called Strike
0-1: Fly out, F8 (Flyball, 78D, EV 88.1 MPH)
Batting: RHB Eddie Dimas 0-0: Ball
1-0: Ball
2-0: Called Strike
2-1: SINGLE (Groundball, 4S, EV 65.0 MPH) (infield hit)
Batting: RHB Bellchior Osuna 0-0: Called Strike
0-1: Ball
1-1: Ball
2-1: Foul Ball, location: 2F
2-2: Strikes out looking
Top of the 3rd over - 0 runs, 1 hit, 0 errors, 1 left on base; Windy City 0 - Chester 0
BOTTOM OF THE 3RD
Chester Pirates batting - Pitching for Windy City ThunderBolts : LHP Axel Lund
Batting: RHB Freddy Mulholland 0-0: Called Strike
0-1: Ball
1-1: Called Strike
1-2: Strikes out swinging
Batting: RHB Andy Pemberton 0-0: Ball
1-0: Ground out 5-3 (Groundball, 56, EV 85.0 MPH)
Batting: RHB Justin Todorovich 0-0: Ball
1-0: Called Strike
1-1: Called Strike
1-2: SINGLE (Groundball, 6D, EV 95.0 MPH)
Batting: SHB Mike Corley 0-0: Ground out 5-3 (Groundball, 56S, EV 77.5 MPH)
Bottom of the 3rd over - 0 runs, 1 hit, 0 errors, 1 left on base; Windy City 0 - Chester 0
TOP OF THE 4TH
Windy City ThunderBolts batting - Pitching for Chester Pirates : RHP Tom Pinksen
Batting: RHB Paul Holland 0-0: Fly out, F8 (Line Drive, 8LD, EV 89.4 MPH)
Batting: RHB Donovan Deason 0-0: Called Strike
0-1: Swinging Strike
0-2: Strikes out looking
Batting: RHB Camillo Bonauiti 0-0: Called Strike
0-1: Fly out, F5 (Popup, 25F, EV 85.6 MPH)
Top of the 4th over - 0 runs, 0 hits, 0 errors, 0 left on base; Windy City 0 - Chester 0
BOTTOM OF THE 4TH
Chester Pirates batting - Pitching for Windy City ThunderBolts : LHP Axel Lund
Batting: LHB Sean Driscoll 0-0: Ball
1-0: Ground out 5-3 (Groundball, 5S, EV 80.0 MPH)
Batting: RHB Zach Chmieleski 0-0: Swinging Strike
0-1: Ball
1-1: Foul Ball, location: 2F
1-2: Foul Ball, location: 2F
1-2: Strikes out looking
Batting: RHB Bob Buckler 0-0: Ball
1-0: Ball
2-0: Ball
3-0: Base on Balls
Batting: RHB Steve Kane 0-0: Called Strike
0-1: Foul Ball, location: 2F
0-2: Strikes out looking
Bottom of the 4th over - 0 runs, 0 hits, 0 errors, 1 left on base; Windy City 0 - Chester 0
TOP OF THE 5TH
Windy City ThunderBolts batting - Pitching for Chester Pirates : RHP Tom Pinksen
Batting: RHB Nhat Phong 0-0: Ground out 4-3 (Groundball, 4, EV 97.5 MPH)
Batting: RHB Sim Damit 0-0: Foul Ball, location: 2F
0-1: Ball
1-1: Ground out 3-1 (Groundball, 34, EV 107.5 MPH)
Batting: SHB Dan Strickland 0-0: Called Strike
0-1: Called Strike
0-2: Ball
1-2: Foul Ball, location: 2F
1-2: Ball
2-2: Foul Ball, location: 2F
2-2: Ball
3-2: SINGLE (Groundball, 34D, EV 97.5 MPH)
Batting: RHB Joe Thomas 0-0: Ball
1-0: Ball
2-0: Ball
3-0: Foul Ball, location: 2F
3-1: Foul Ball, location: 2F
3-2: Base on Balls
Dan Strickland to second
Pitching: RHP Justin Rousell
Batting: RHB Eddie Dimas 0-0: Fly out, F8 (Line Drive, 8RM, EV 100.0 MPH)
Top of the 5th over - 0 runs, 1 hit, 0 errors, 2 left on base; Windy City 0 - Chester 0
BOTTOM OF THE 5TH
Chester Pirates batting - Pitching for Windy City ThunderBolts : LHP Axel Lund
Batting: RHB Matt Rangel 0-0: Called Strike
0-1: Called Strike
0-2: Foul Ball, location: 2F
0-2: Foul Ball, location: 2F
0-2: Strikes out looking
Batting: RHB Freddy Mulholland 0-0: Ground out 4-3 (Groundball, 4M, EV 98.1 MPH)
Batting: RHB Andy Pemberton 0-0: Called Strike
0-1: Foul Ball, location: 2F
0-2: Strikes out swinging
Bottom of the 5th over - 0 runs, 0 hits, 0 errors, 0 left on base; Windy City 0 - Chester 0
TOP OF THE 6TH
Windy City ThunderBolts batting - Pitching for Chester Pirates : RHP Justin Rousell
Batting: RHB Bellchior Osuna 0-0: Ball
1-0: Called Strike
1-1: Reached on error, E5 (Groundball, 56S, EV 67.5 MPH)
Batting: RHB Paul Holland 0-0: Foul Ball, location: 2F
0-1: Ball
1-1: Called Strike
1-2: Strikes out swinging
Batting: RHB Donovan Deason 0-0: Called Strike
0-1: Foul Ball, location: 2F
0-2: Strikes out swinging
Batting: RHB Camillo Bonauiti 0-0: Called Strike
0-1: Ball
1-1: Ball
2-1: Ball
3-1: SINGLE (Flyball, 4D, EV 96.2 MPH)
Bellchior Osuna to second
Runner from 2nd tries for 3rd, SAFE, throw by CF made to third
Batting: RHB Nhat Phong 0-0: Swinging Strike
0-1: Swinging Strike
0-2: Ball
1-2: Ball
2-2: Foul Ball, location: 2F
2-2: Strikes out looking
Top of the 6th over - 0 runs, 1 hit, 1 error, 2 left on base; Windy City 0 - Chester 0
BOTTOM OF THE 6TH
Chester Pirates batting - Pitching for Windy City ThunderBolts : LHP Axel Lund
Batting: RHB Justin Todorovich 0-0: Ball
1-0: Foul Ball, location: 2F
1-1: Ball
2-1: Swinging Strike
2-2: Foul Ball, location: 2F
2-2: Foul Ball, location: 2F
2-2: Foul Ball, location: 2F
2-2: Ball
3-2: Strikes out swinging
Batting: SHB Mike Corley 0-0: Ball
1-0: Ball
2-0: Fly out, F7 (Flyball, 7D, EV 83.8 MPH)
Batting: LHB Sean Driscoll 0-0: Fly out, F6 (Popup, 6, EV 51.9 MPH)
Bottom of the 6th over - 0 runs, 0 hits, 0 errors, 0 left on base; Windy City 0 - Chester 0
TOP OF THE 7TH
Windy City ThunderBolts batting - Pitching for Chester Pirates : RHP Justin Rousell
Batting: RHB Sim Damit 0-0: Ball
1-0: Swinging Strike
1-1: Ball
2-1: Ball
3-1: Base on Balls
Batting: SHB Dan Strickland 0-0: Ball
1-0: Ball
2-0: Called Strike
2-1: Foul Ball, location: 2F
2-2: Ball
Sim Damit steals 2nd base
3-2: Intentional Walk
Batting: RHB Joe Thomas 0-0: Ball
1-0: Ball
2-0: Ball
3-0: Called Strike
3-1: Swinging Strike
3-2: Foul Ball, location: 2F
3-2: Fielders Choice at 2nd, 5-4 (Groundball, 56, EV 82.5 MPH)
Sim Damit to third
Batting: RHB Eddie Dimas 0-0: Called Strike
0-1: Ball
1-1: Ball
2-1: Foul Ball, location: 2F
2-2: SINGLE (Groundball, 6D, EV 108.8 MPH)
Sim Damit scores
Joe Thomas to second
Batting: RHB Bellchior Osuna 0-0: Swinging Strike
0-1: Foul Ball, location: 2F
0-2: Ball
1-2: Ball
2-2: Strikes out swinging
Pitching: RHP Corey Rothwell
Batting: RHB Paul Holland 0-0: Swinging Strike
0-1: Ball
1-1: Fielders Choice at 2nd, 6-4 (Groundball, 6, EV 85.0 MPH)
Top of the 7th over - 1 run, 1 hit, 0 errors, 2 left on base; Windy City 1 - Chester 0
BOTTOM OF THE 7TH
Chester Pirates batting - Pitching for Windy City ThunderBolts : LHP Axel Lund
Batting: RHB Zach Chmieleski 0-0: Foul Ball, location: 2F
0-1: Ball
1-1: Foul Ball, location: 2F
1-2: Foul Ball, location: 2F
1-2: Foul Ball, location: 2F
1-2: Ball
2-2: Fly out, F8 (Flyball, 8LXD, EV 96.2 MPH)
Batting: RHB Bob Buckler 0-0: Ball
1-0: Ground out 4-3 (Groundball, 4, EV 85.6 MPH)
Batting: RHB Steve Kane 0-0: Called Strike
0-1: Ball
1-1: DOUBLE (Flyball, 89D, EV 112.5 MPH)
Batting: RHB Matt Rangel 0-0: Foul Ball, location: 2F
0-1: Ball
1-1: Called Strike
1-2: Ball
2-2: Foul Ball, location: 2F
2-2: Strikes out looking
Bottom of the 7th over - 0 runs, 1 hit, 0 errors, 1 left on base; Windy City 1 - Chester 0
TOP OF THE 8TH
Windy City ThunderBolts batting - Pitching for Chester Pirates : RHP Corey Rothwell
Batting: RHB Donovan Deason 0-0: Ball
1-0: Ground out 5-3 (Groundball, 56S, EV 86.9 MPH)
Batting: RHB Camillo Bonauiti 0-0: Called Strike
0-1: Ball
1-1: Swinging Strike
1-2: Ball
2-2: Ball
3-2: Foul Ball, location: 2F
3-2: Base on Balls
Batting: RHB Nhat Phong 0-0: Fly out, F5 (Line Drive, 5, EV 65.6 MPH)
Pitching: RHP Sean Elder
Batting: RHB Sim Damit 0-0: Ball
1-0: Fly out, F6 (Line Drive, 6, EV 73.1 MPH)
Top of the 8th over - 0 runs, 0 hits, 0 errors, 1 left on base; Windy City 1 - Chester 0
BOTTOM OF THE 8TH
Chester Pirates batting - Pitching for Windy City ThunderBolts : LHP Axel Lund
Batting: RHB Freddy Mulholland 0-0: Swinging Strike
0-1: Foul Ball, location: 2F
0-2: Ball
1-2: Strikes out swinging
Batting: RHB Andy Pemberton 0-0: Ball
1-0: Fly out, F4 (Line Drive, 34D, EV 69.4 MPH)
Batting: RHB Justin Todorovich 0-0: Ball
1-0: Foul Ball, location: 2F
1-1: Foul Ball, location: 2F
1-2: Ball
2-2: Ball
3-2: Foul Ball, location: 2F
3-2: Strikes out looking
Bottom of the 8th over - 0 runs, 0 hits, 0 errors, 0 left on base; Windy City 1 - Chester 0
TOP OF THE 9TH
Windy City ThunderBolts batting - Pitching for Chester Pirates : RHP Sean Elder
Pitching: RHP Dan Cauble
Batting: SHB Dan Strickland 0-0: Ball
1-0: Ball
2-0: Ball
3-0: Base on Balls
Batting: RHB Joe Thomas 0-0: Ball
1-0: Called Strike
1-1: Called Strike
1-2: Foul Ball, location: 2F
1-2: Fly out, F9 (Flyball, 89S, EV 91.2 MPH)
Batting: RHB Eddie Dimas 0-0: Ball
1-0: Foul Ball, location: 2F
1-1: Ball
2-1: Swinging Strike
2-2: Strikes out swinging
Batting: RHB Bellchior Osuna 0-0: Ball
1-0: Ball
2-0: Ball
3-0: Called Strike
3-1: Foul Ball, location: 2F
3-2: Foul Ball, location: 2F
3-2: Foul Ball, location: 2F
3-2: Foul Ball, location: 2F
Pickoff Throw to First - Out! 1-3
Top of the 9th over - 0 runs, 0 hits, 0 errors, 0 left on base; Windy City 1 - Chester 0
BOTTOM OF THE 9TH
Chester Pirates batting - Pitching for Windy City ThunderBolts : LHP Axel Lund
Pitching: RHP Ray Nauman
Batting: SHB Mike Corley 0-0: Called Strike
0-1: Ball
1-1: Foul Ball, location: 2F
1-2: Ball
2-2: Ball
3-2: Fly out, F7 (Flyball, 78S, EV 88.8 MPH)
Batting: LHB Sean Driscoll 0-0: SINGLE (Groundball, 4MD, EV 106.2 MPH)
Batting: RHB Zach Chmieleski 0-0: Ball
1-0: SINGLE (Line Drive, 7S, EV 106.2 MPH)
Sean Driscoll to second
Batting: RHB Bob Buckler 0-0: Ball
1-0: Ball
2-0: Foul Ball, location: 2F
2-1: Foul Ball, location: 2F
2-2: Strikes out swinging
Batting: RHB Steve Kane 0-0: Ball
1-0: Foul Ball, location: 2F
1-1: Swinging Strike
1-2: Foul Ball, location: 2F
1-2: Strikes out swinging
Bottom of the 9th over - 0 runs, 2 hits, 0 errors, 2 left on base; Windy City 1 - Chester 0
Sunday, July 16th , 2023 - OOTP Baseball 24.6 Build 69